 Dungeon Crawl Stone Soup version 0.28.0-47-ge53b351184 (webtiles) character file.

Game seed: 16480237477440774136

213 101zpm the Gusty (level 5, -2/28 HPs)
             Began as a Tengu Air Elementalist on Apr 25, 2022.
             Succumbed to a water moccasin's poison
             ... on level 6 of the Dungeon.
             The game lasted 00:06:01 (3513 turns).

101zpm the Gusty (Tengu Air Elementalist)           Turns: 3513, Time: 00:06:02

Health: -2/28      AC:  2    Str:  8    XL:     5   Next: 90%
Magic:  0/11       EV: 15    Int: 17    God:
Gold:   121        SH:  0    Dex: 15    Spells: 5/11 levels left

rFire   . . .      SeeInvis .   f - +2 dagger (vamp)
rCold   . . .      Faith    .   (no shield)
rNeg    . . .      Spirit   .   a - +0 robe
rPois   .          Reflect  .   (helmet restricted)
rElec   .          Harm     .   (no cloak)
rCorr   .          Rampage  .   (no gloves)
Will    .....                   (boots unavailable)
Stlth   ++........              (no amulet)
HPRegen 0.09/turn               (no ring)
MPRegen 0.12/turn               (no ring)

@: lethally poisoned (-2 -> -16), flying quickly and evasively, quick
A: beak, talons 3, nimble flight
a: no special abilities


You were on level 6 of the Dungeon.
You visited 1 branch of the dungeon, and saw 6 of its levels.

You collected 121 gold pieces.

Inventory:

Hand Weapons
 f - a +2 vampiric dagger (weapon)
 i - a +3 short sword
Armour
 a - a +0 robe (worn)
Scrolls
 b - a scroll of torment {unknown}
 e - a scroll of immolation {unknown}
 h - 2 scrolls of identify {unknown}
 j - a scroll of noise {unknown}
 k - a scroll of amnesia {unknown}
 n - a scroll of vulnerability {unknown}
 p - a scroll of fog {unknown}
Potions
 c - a potion of attraction {unknown}
 d - a potion of degeneration {unknown}
 g - a potion of lignification {unknown}
 l - a potion of might {unknown}
 m - a potion of heal wounds {unknown}
 o - a potion of curing {unknown}
 q - a potion of mutation {unknown}


   Skills:
 + Level 2.9 Dodging
 + Level 2.4 Stealth
 + Level 3.5 Spellcasting
 + Level 3.1 Conjurations
 + Level 5.8 Air Magic


You had 5 spell levels left.
You knew the following spells:

 Your Spells              Type           Power      Damage    Failure   Level
a - Shock                 Conj/Air       72%        1d7       2%          1
b - Static Discharge      Conj/Air       18%        N/A       4%          2
c - Swiftness             Air            22%        N/A       4%          3

Your spell library contained the following spells:

 Spells                   Type           Power      Damage    Failure   Level
 Airstrike                Air            11%        N/A       16%         4


Dungeon Overview and Level Annotations

Branches:
Dungeon (6/15)
 Temple: D:4-7

Altars:


Innate Abilities, Weirdness & Mutations

You have a beak for a mouth.
You have claws for feet.
Your magical nature lets you fly swiftly and evasively.


Message History

The iguana is moderately wounded.
The bullfrog skeleton hits you.
The zap hits the bullfrog skeleton.
The bullfrog skeleton is almost destroyed.
The zap misses the water moccasin.
The zap hits the iguana.
The iguana is severely wounded.
The bullfrog skeleton closely misses you.
Unknown command.
The zap hits the bullfrog skeleton!
You destroy the bullfrog skeleton!
The zap hits the iguana.
The iguana is severely wounded.
The iguana hisses menacingly.
Casting: Shock (safe; 2% risk of failure)
Confirm with . or Enter, or press ? or * to list all spells.
Okay, then.
Casting: Shock (safe; 2% risk of failure)
Confirm with . or Enter, or press ? or * to list all spells.
The water moccasin is struck by an arc of lightning.
The water moccasin is moderately wounded.
The lightning grounds out.
The water moccasin barely misses you. The water moccasin bites you.
You hit the water moccasin.
You feel better.
Your kick misses the water moccasin. Your peck misses the water moccasin.
The water moccasin is moderately wounded.
The water moccasin closely misses you.
You miss the water moccasin.
The water moccasin is moderately wounded.
The water moccasin bites you.
You are lethally poisoned!
The water moccasin poisons you! The water moccasin bites you.
* * * LOW HITPOINT WARNING * * *
You completely miss the water moccasin. Your peck misses the water moccasin.
The water moccasin is moderately wounded.
* * * LOW HITPOINT WARNING * * *
You feel very sick.
The water moccasin completely misses you.
You closely miss the water moccasin. Your kick misses the water moccasin.
The water moccasin is moderately wounded.
You die...

#.# #.####. #.# #.#....
##.## #.#.... #...#
#.#..#. #...###...... .
#..........#. #..
#####...#####..#.
#..####..)........#....
#...lS@..............#.
.......##...........#.##.
..#.... ###.#....####. ##
..(.... #.#...... .
#.#..#. #.#....###
.#.#.#. .##....# .... ..
. .....# >#.# #. . ...


You could see a water moccasin and an iguana.

Vanquished Creatures
  A bullfrog skeleton (D:6)
  A jelly (D:4)
  A hound skeleton (D:5)
  6 adders
  An adder skeleton (D:2)
  3 worms (D:3)
  2 dart slugs
  2 orcs
  5 ball pythons
  7 bats
  10 endoplasms
  3 giant cockroaches
  5 goblins
  3 hobgoblins (D:3)
  9 kobolds
  3 quokkas
  2 frilled lizards (D:1)
  4 rats (D:3)
68 creatures vanquished.

Notes
Turn   | Place    | Note
-------+----------+-------------------------------------------
     0 | D:1      | 101zpm the Tengu Air Elementalist began the quest for the
                  | Orb.
     0 | D:1      | Reached XP level 1. HP: 10/10 MP: 4/4
   161 | D:1      | Reached XP level 2. HP: 15/15 MP: 3/6
   789 | D:1      | Reached XP level 3. HP: 16/19 MP: 1/7
  1123 | D:1      | Reached skill level 5 in Air Magic
  1814 | D:2      | Reached XP level 4. HP: 15/24 MP: 3/8
  1978 | D:2      | Learned a level 2 spell: Static Discharge
  1982 | D:2      | Learned a level 3 spell: Swiftness
  2842 | D:3      | Gained mutation: Your magical nature lets you fly swiftly
                  | and evasively. [Tengu growth]
  2842 | D:3      | Reached XP level 5. HP: 23/28 MP: 10/10
  3348 | D:5      | Entered Level 5 of the Dungeon
  3501 | D:6      | Noticed a water moccasin
  3512 | D:6      | HP: 1/28 [poisoned by a water moccasin]
  3513 | D:6      | Succumbed to a water moccasin's poison

Illustrated notes

Levels and vault maps discovered:
D:1:      matt_arrival_diagonals, layout_basic
D:2:      layout_basic
D:3:      layout_loops_ring, grunt_ministairs_4
D:4:      layout_cave_pools, grunt_temple_overflow_champion_of_chaos,
          minmay_temple_entry_large_hall, minivault_19, minmay_tree_intersection
D:5:      layout_gridville, dk_yredelemnul_ordeal, mainiacjoe_overflow_alcove_4,
          minmay_hedge_maze, hangedman_decor_clover_reticule, eino_tiny_chamber,
          serial_bayou_crossing
D:6:      layout_loops_cross, trog_three_pillars_becter,
          mainiacjoe_overflow_cross_hatched, old_standard_altar, st_stairs_13,
          nicolae_grassy_gnolls

Skill      XL: |  1  2  3  4  5 |
---------------+----------------+-----
Air Magic      | 5 |  5.8
Conjurations   | 2 3 |  3.1
Spellcasting   | 3 |  3.5
Dodging        | |  2.9
Stealth        | |  2.4

Action                   |  1- 3 |  4- 6 || total
-------------------------+-------+-------++-------
Melee: Dagger            |    13 |    16 ||    29
       Kick              |     5 |     4 ||     9
       Peck              |     1 |     3 ||     4
 Cast: Shock             |    61 |    78 ||   139
       Static Discharge  |       |     1 ||     1
Armor: Robe              |     8 |     5 ||    13
Dodge: Dodged            |    16 |    20 ||    36
